[Event "ICC tourney 2533 (25 5)"]
[Site "Internet Chess Club"]
[Date "2021.04.24"]
[Round "3"]
[White "VUTUKURY, DHRUVA:K09-15485164"]
[Black "LEWIS, CHERISH:K09-17283122"]
[Result "1-0"]
[ICCResult "Black checkmated"]
[WhiteElo "930"]
[BlackElo "218"]
[Opening "QGD semi-Slav: Botvinnik system (anti-Meran)"]
[ECO "D44"]
[NIC "SL.03"]
[Time "15:14:45"]
[PlyCount "121"]
[TimeControl "1500+5"]

1. d4 d5 2. c4 c6 3. Nc3 Nf6 4. Nf3 e6 5. Bg5 dxc4 6. e4 h6 7. Bh4 g5 8.
Bg3 Na6 9. Bxc4 Nb4 10. a3 Na6 11. Qa4 Nc7 12. Qb3 Bd6 13. e5 Be7 14. exf6
Bxf6 15. Be5 Bxe5 16. dxe5 Bd7 17. O-O-O c5 18. Bb5 Nxb5 19. Nxb5 a6 20.
Nd6+ Kf8 21. Nxb7 Qb8 22. Rxd7 Ra7 23. Rd8+ Qxd8 24. Nxd8 Ra8 25. Nc6 Kg7
26. h4 Rhc8 27. hxg5 hxg5 28. Qd3 Rxc6 29. Qh7+ Kf8 30. Qh8+ Ke7 31. Qxa8
Rb6 32. Qa7+ Ke8 33. Qxb6 g4 34. Qc6+ Kf8 35. Qxc5+ Kg7 36. Qb6 gxf3 37.
Qxa6 Kg6 38. gxf3 Kf5 39. Qb7 Kxe5 40. Qxf7 Kd6 41. Qxe6+ Kxe6 42. Rh4 Ke5
43. Re4+ Kd5 44. Kc2 Kc5 45. Re3 Kd4 46. f4 Kd5 47. f5 Kd6 48. f6 Kd7 49.
f7 Kd6 50. f8=Q+ Kd5 51. Qf5+ Kd6 52. Qe5+ Kc6 53. Rc3+ Kd7 54. Qf6 Ke8 55.
Qd6 Kf7 56. Qe5 Kg6 57. Qf4 Kg7 58. Qf5 Kh6 59. Rh3+ Kg7 60. Rg3+ Kh8 61.
Qh5# { Black checkmated } 1-0

[Event "ICC tourney 2533 (25 5)"]
[Site "Internet Chess Club"]
[Date "2021.04.24"]
[Round "3"]
[White "ROSLIK NEVISTICH, LUCAS:K09-16541246"]
[Black "VALLI PILLA, ANANYA:K09-14998655"]
[Result "0-1"]
[ICCResult "White checkmated"]
[WhiteElo "234"]
[BlackElo "1101"]
[Opening "Giuoco Piano"]
[ECO "C50"]
[NIC "IG.02"]
[Time "15:11:54"]
[PlyCount "76"]
[TimeControl "1500+5"]

1. e4 e5 2. Nf3 Nc6 3. Bc4 Bc5 4. O-O d6 5. Ng5 Nh6 6. Nc3 Qxg5 7. d4 Qe7
8. dxc5 dxc5 9. Nd5 Qd8 10. Be3 Be6 11. Bxc5 Bxd5 12. Bxd5 Nb4 13. Bxb4 c6
14. Bc4 Qh4 15. Re1 Ng4 16. f3 Qxh2+ 17. Kf1 Qh1+ 18. Ke2 Qxg2+ 19. Kd3
Rd8+ 20. Bd5 cxd5 21. Kc3 dxe4 22. Qc1 Qxf3+ 23. Kc4 Rc8+ 24. Bc5 e3 25. c3
Qe4+ 26. Kb3 Rxc5 27. a3 Rb5+ 28. Ka2 Qc4+ 29. Kb1 Ke7 30. a4 Qe4+ 31. Ka2
Qxa4+ 32. Kb1 Qc4 33. Rxe3 Nxe3 34. Qxe3 f6 35. Qxa7 Qb3 36. Qf2 Qd1+ 37.
Ka2 Ra8+ 38. Qa7 Rxa7# { White checkmated } 0-1

[Event "ICC tourney 2533 (25 5)"]
[Site "Internet Chess Club"]
[Date "2021.04.24"]
[Round "3"]
[White "LUKOSE, JOYCE:K09-16437195"]
[Black "N REDDY, AARUSH:K09-16740913"]
[Result "1-0"]
[ICCResult "Black checkmated"]
[WhiteElo "1298"]
[BlackElo "734"]
[Opening "QGD semi-Slav"]
[ECO "D43"]
[NIC "SL.06"]
[Time "15:13:02"]
[PlyCount "69"]
[TimeControl "1500+5"]

1. d4 d5 2. c4 c6 3. Nc3 e6 4. Nf3 Nf6 5. Bg5 Be7 6. e3 O-O 7. Bd3 h6 8.
Bh4 Re8 9. O-O Nbd7 10. Qc2 Nf8 11. Rfe1 Ng6 12. Bg3 Nf8 13. e4 dxe4 14.
Nxe4 b6 15. Nxf6+ Bxf6 16. Be5 Bb7 17. Bxf6 Qxf6 18. Be4 Rab8 19. Qa4 c5
20. Bxb7 Ng6 21. Qxa7 cxd4 22. Qa4 Red8 23. Be4 d3 24. Red1 Nf4 25. Qb3
Ne2+ 26. Kh1 Rd4 27. Nxd4 Qxd4 28. Bxd3 Nf4 29. Bc2 Qxf2 30. Rg1 Rd8 31.
Rad1 Rd2 32. Rxd2 Qxd2 33. Be4 Qf2 34. Qd1 Ne2 35. Qd8# { Black checkmated
} 1-0

[Event "ICC tourney 2533 (25 5)"]
[Site "Internet Chess Club"]
[Date "2021.04.24"]
[Round "3"]
[White "SHRIGADI, ARYAN:K09-15491764"]
[Black "LIU, BOWEN:K09-15459900"]
[Result "0-1"]
[ICCResult "White resigns"]
[WhiteElo "1454"]
[BlackElo "1941"]
[Opening "Sicilian: Najdorf"]
[ECO "B90"]
[NIC "SI.14"]
[Time "15:12:20"]
[PlyCount "48"]
[TimeControl "1500+5"]

1. e4 c5 2. Nf3 d6 3. d4 cxd4 4. Nxd4 Nf6 5. Nc3 a6 6. f3 e5 7. Nb3 Be6 8.
Be3 h5 9. Qd2 Nbd7 10. Nd5 Nxd5 11. exd5 Bf5 12. Bd3 Qf6 13. a4 Be7 14. a5
Rc8 15. h4 Qg6 16. Bxf5 Qxf5 17. Rc1 O-O 18. Bg5 Rfe8 19. Qe2 Bxg5 20. g4
Qf4 21. hxg5 e4 22. Kf2 hxg4 23. Qe3 g3+ 24. Ke2 exf3+ { White resigns }
0-1

[Event "ICC tourney 2533 (25 5)"]
[Site "Internet Chess Club"]
[Date "2021.04.24"]
[Round "3"]
[White "LEE, JOSHUA:K09-16260353"]
[Black "VENIGALLA, THAMAN:K09-15782351"]
[Result "1-0"]
[ICCResult "Black resigns"]
[WhiteElo "1285"]
[BlackElo "242"]
[Opening "King's pawn game"]
[ECO "C50"]
[NIC "IG.03"]
[Time "15:13:29"]
[PlyCount "89"]
[TimeControl "1500+5"]

1. e4 e5 2. Nf3 Nc6 3. Bc4 d6 4. O-O Be7 5. c3 Nf6 6. Re1 O-O 7. d4 exd4 8.
cxd4 Re8 9. Nc3 a6 10. Bf4 b5 11. Bb3 b4 12. Nd5 Nxd5 13. Bxd5 Bd7 14. Rc1
Nxd4 15. Bxa8 Nxf3+ 16. Qxf3 Qxa8 17. Rxc7 Bb5 18. e5 Qxf3 19. gxf3 dxe5
20. Rxe5 Kf8 21. Re4 f5 22. Re5 g6 23. h4 g5 24. Bxg5 Bxg5 25. Rxe8+ Kxe8
26. hxg5 Kd8 27. Rxh7 Be8 28. Kg2 Bg6 29. Rg7 Bh5 30. Kg3 Ke8 31. Kf4 Kf8
32. Ra7 Bg6 33. Rxa6 Ke7 34. Rxg6 Kf7 35. Kxf5 b3 36. axb3 Ke7 37. Re6+ Kf7
38. g6+ Kg7 39. Re7+ Kf8 40. Kf6 Kg8 41. g7 Kh7 42. Kf5 Kg8 43. b4 Kh7 44.
b5 Kh6 45. g8=Q { Black resigns } 1-0

[Event "ICC tourney 2533 (25 5)"]
[Site "Internet Chess Club"]
[Date "2021.04.24"]
[Round "3"]
[White "KAMISETTY, NIKHIL:K09-15482975"]
[Black "HANKE, HARVEY:K09-17137475"]
[Result "1-0"]
[ICCResult "Black checkmated"]
[WhiteElo "1452"]
[BlackElo "752"]
[Opening "English: Sicilian reversed"]
[ECO "A25"]
[NIC "EO.23"]
[Time "15:12:13"]
[PlyCount "87"]
[TimeControl "1500+5"]

1. c4 e5 2. Nc3 Nc6 3. e3 Nf6 4. g3 Bc5 5. Bg2 d6 6. h3 Be6 7. b3 Qd7 8.
Nge2 O-O 9. d4 exd4 10. exd4 Bb4 11. d5 Rfe8 12. dxe6 Qxe6 13. O-O Qe5 14.
Bb2 Bxc3 15. Nxc3 Qg5 16. Nd5 Nxd5 17. Qxd5 Qh6 18. Rfe1 Rxe1+ 19. Rxe1 Rb8
20. Qe4 Kf8 21. Qe2 Qg5 22. Bxc6 bxc6 23. Qe3 Qd8 24. Qe4 g6 25. Qd4 f6 26.
Qh4 Kg7 27. Re6 Qf8 28. Bxf6+ Kg8 29. Re7 h6 30. Rg7+ Qxg7 31. Bxg7 Kxg7
32. Qe7+ Kh8 33. Qxc7 Re8 34. Qxd6 Re1+ 35. Kg2 Rb1 36. Qxc6 Rb2 37. Qf6+
Kg8 38. Qxb2 Kh7 39. c5 Kg8 40. c6 Kf7 41. c7 Ke7 42. c8=Q Kf7 43. Qc7+ Kg8
44. Qbg7# { Black checkmated } 1-0

[Event "ICC tourney 2533 (25 5)"]
[Site "Internet Chess Club"]
[Date "2021.04.24"]
[Round "3"]
[White "DONHAM, WILLIAM:K09-15747455"]
[Black "PETERSON, RYAN:K09-14901322"]
[Result "0-1"]
[ICCResult "White resigns"]
[WhiteElo "1583"]
[BlackElo "2016"]
[Opening "Giuoco Piano: Möller (Therkatz) attack"]
[ECO "C54"]
[NIC "IG.02"]
[Time "15:14:26"]
[PlyCount "72"]
[TimeControl "1500+5"]

1. e4 e5 2. Nf3 Nc6 3. Bc4 Bc5 4. c3 Nf6 5. d4 exd4 6. cxd4 Bb4+ 7. Nc3
Nxe4 8. O-O Bxc3 9. d5 Bf6 10. Re1 Ne7 11. Rxe4 d6 12. Bg5 Bxg5 13. Nxg5 h6
14. Qe2 hxg5 15. Re1 Be6 16. dxe6 f6 17. Re3 c6 18. Rh3 Rxh3 19. gxh3 g6
20. Qf3 Qa5 21. Qxf6 Qxe1+ 22. Bf1 O-O-O 23. Qxe7 Qe5 24. Qf7 Qf5 25. Qxf5
gxf5 26. Bd3 Rf8 27. e7 Re8 28. Bxf5+ Kc7 29. Kg2 Rxe7 30. Kg3 Re2 31. b3
d5 32. f3 Kd6 33. Kg4 Rg2+ 34. Kh5 Ke5 35. Bg4 Kf6 36. Bc8 d4 { White
resigns } 0-1

[Event "ICC tourney 2533 (25 5)"]
[Site "Internet Chess Club"]
[Date "2021.04.24"]
[Round "3"]
[White "ADHARSH KUMAR, PRANAV:K09-17185926"]
[Black "XAVIER VIJAYRAM, AVNITH:K09-15728701"]
[Result "1-0"]
[ICCResult "Black checkmated"]
[WhiteElo "411"]
[BlackElo "1767"]
[Opening "Pirc: classical system, 5.Be2"]
[ECO "B07"]
[NIC "PU.03"]
[Time "15:11:59"]
[PlyCount "55"]
[TimeControl "1500+5"]

1. e4 d6 2. d4 Nf6 3. Nc3 g6 4. Be2 Bg7 5. Nf3 Nbd7 6. e5 dxe5 7. dxe5 Ng8
8. e6 fxe6 9. Ng5 Ne5 10. Qxd8+ Kxd8 11. Bf4 Ke8 12. Nb5 Kf8 13. Nxc7 Rb8
14. Ncxe6+ Bxe6 15. Nxe6+ Kf7 16. Nxg7 Rc8 17. Bxe5 Nf6 18. O-O Kxg7 19. h3
Rxc2 20. Bf3 Rc5 21. Bd4 Rb5 22. Rfe1 Kf7 23. a4 Rb4 24. Bc5 Rxb2 25. Rxe7+
Kg8 26. Rd1 Kf8 27. Rd8+ Ne8 28. Rdxe8# { Black checkmated } 1-0

[Event "ICC tourney 2533 (25 5)"]
[Site "Internet Chess Club"]
[Date "2021.04.24"]
[Round "3"]
[White "SRI VELVADAPU, RENESH:K09-16880588"]
[Black "PALUSA, MAURYA:K09-14641168"]
[Result "0-1"]
[ICCResult "White checkmated"]
[WhiteElo "960"]
[BlackElo "2089"]
[Opening "Sicilian: closed, 2...Nc6"]
[ECO "B23"]
[NIC "SI.44"]
[Time "15:13:45"]
[PlyCount "56"]
[TimeControl "1500+5"]

1. e4 c5 2. Nc3 Nc6 3. Nf3 g6 4. Bb5 Nd4 5. Bd3 Bg7 6. O-O d6 7. Bc4 e6 8.
d3 Ne7 9. Be3 O-O 10. a3 d5 11. exd5 exd5 12. Bb3 Nxb3 13. cxb3 d4 14. Bg5
dxc3 15. bxc3 Qc7 16. c4 Bxa1 17. Qxa1 Nf5 18. a4 Qd6 19. Rd1 Nd4 20. Bh6
Re8 21. Rf1 Bg4 22. Ng5 f6 23. Ne4 Qe5 24. Re1 f5 25. Ng3 Qxe1+ 26. Qxe1
Rxe1+ 27. Nf1 Ne2+ 28. Kh1 Rxf1# { White checkmated } 0-1

[Event "ICC tourney 2533 (25 5)"]
[Site "Internet Chess Club"]
[Date "2021.04.24"]
[Round "3"]
[White "MORSE, FRANK:K09-16935924"]
[Black "SUN, YICHEN:K09-30153816"]
[Result "0-1"]
[ICCResult "White checkmated"]
[WhiteElo "610"]
[BlackElo "1190"]
[Opening "QGD Slav defense"]
[ECO "D10"]
[NIC "SL.01"]
[Time "15:13:29"]
[PlyCount "106"]
[TimeControl "1500+5"]

1. d4 d5 2. c4 c6 3. Nc3 Nf6 4. Bf4 Bf5 5. Nf3 Nbd7 6. e3 Qb6 7. cxd5 Qxb2
8. Na4 Qb4+ 9. Nd2 Ne4 10. dxc6 bxc6 11. Nc5 Ndxc5 12. dxc5 Rd8 13. Rb1
Qxd2+ 14. Qxd2 Nxd2 15. Rb2 Nxf1 16. Rxf1 g6 17. Bc7 Bg7 18. Rb7 Bc3+ 19.
Ke2 Bd3+ 20. Kf3 Bxf1 21. Bxd8 Kxd8 22. Rb8+ Kc7 23. Rxh8 Bxh8 24. g4 Bc4
25. a4 Bc3 26. Ke4 Be1 27. f4 Bb3 28. f5 Bxa4 29. fxg6 hxg6 30. Kf4 a5 31.
Kg5 Bb4 32. Kh6 Bxc5 33. e4 Bd6 34. Kg7 Bxh2 35. Kxf7 Bc2 36. Kxg6 Bxe4+
37. Kh6 Bf4+ 38. g5 a4 39. Kh5 Bf3+ 40. Kh6 a3 41. Kg7 Bxg5 42. Kg6 Bf6 43.
Kf7 Bd5+ 44. Kg6 Be6 45. Kh6 Kd6 46. Kh7 Ke5 47. Kg6 Bf5+ 48. Kf7 e6 49.
Ke8 a2 50. Kf7 a1=Q 51. Ke8 Qa8+ 52. Kf7 Qb7+ 53. Ke8 Qe7# { White
checkmated } 0-1

[Event "ICC tourney 2533 (25 5)"]
[Site "Internet Chess Club"]
[Date "2021.04.24"]
[Round "3"]
[White "VARGHESE ABHILASH, ALVIN:K09-17188623"]
[Black "LI, AUSTIN:K09-16606238"]
[Result "0-1"]
[ICCResult "White checkmated"]
[WhiteElo "625"]
[BlackElo "1204"]
[Opening "Queen's pawn"]
[ECO "A40"]
[NIC "QO.17"]
[Time "15:14:28"]
[PlyCount "150"]
[TimeControl "1500+5"]

1. d4 e6 2. d5 exd5 3. Qxd5 Nf6 4. Qd1 d5 5. Nf3 Nc6 6. Nc3 Bf5 7. Bf4 Bd6
8. Bxd6 Qxd6 9. e3 O-O-O 10. Bb5 a6 11. Bxc6 Qxc6 12. Nd4 Qd7 13. Nxf5 Qxf5
14. O-O Rhe8 15. a4 Rd7 16. b4 Red8 17. b5 d4 18. exd4 Rxd4 19. Qe2 Re8 20.
Qf3 Qxf3 21. gxf3 Rc4 22. Ne4 Nxe4 23. fxe4 Rexe4 24. bxa6 bxa6 25. a5 Ra4
26. f3 Rec4 27. Rae1 Rxa5 28. Re7 Rf5 29. Re2 a5 30. Ref2 a4 31. Ra1 Ra5
32. Re2 a3 33. Kg2 a2 34. c3 Rxc3 35. Rexa2 Rxa2+ 36. Rxa2 Kd7 37. Re2 Rc6
38. Kg3 Re6 39. Rd2+ Ke7 40. Rc2 c6 41. f4 Kf6 42. Kg4 g6 43. Rc5 h5+ 44.
Kh4 Kg7 45. Kg5 f6+ 46. Kh4 Kh6 47. f5 Re5 48. Rxc6 Rxf5 49. Kg3 g5 50. h4
g4 51. Rc8 Rf3+ 52. Kg2 Rh3 53. Rh8+ Kg6 54. Rg8+ Kh7 55. Rf8 Kg7 56. Re8
Rxh4 57. Re7+ Kg6 58. Kg3 Rh3+ 59. Kg2 f5 60. Re6+ Kg5 61. Re7 f4 62. Re5+
Kh4 63. Re4 f3+ 64. Kf2 Rh2+ 65. Kf1 Kg3 66. Kg1 f2+ 67. Kf1 Rh1+ 68. Ke2
f1=Q+ 69. Ke3 Qf3+ 70. Kd4 Rd1+ 71. Ke5 Qc3+ 72. Kf5 Rd5+ 73. Ke6 Qc6+ 74.
Kf7 Rd7+ 75. Ke8 Qc8# { White checkmated } 0-1

[Event "ICC tourney 2533 (25 5)"]
[Site "Internet Chess Club"]
[Date "2021.04.24"]
[Round "3"]
[White "VINCENT BAUTISTA, LUIS:K09-16516698"]
[Black "REYNOLDS, TYLER:K09-15100161"]
[Result "0-1"]
[ICCResult "White checkmated"]
[WhiteElo "625"]
[BlackElo "1207"]
[Opening "Sicilian: closed, 2...Nc6"]
[ECO "B23"]
[NIC "SI.44"]
[Time "15:13:24"]
[PlyCount "104"]
[TimeControl "1500+5"]

1. e4 c5 2. Nc3 Nc6 3. Nf3 e5 4. Bb5 g6 5. d3 Bg7 6. O-O a6 7. Bxc6 bxc6 8.
Be3 d6 9. h3 Ne7 10. b3 O-O 11. a4 f5 12. Rb1 a5 13. Ng5 f4 14. Bd2 h6 15.
Nf3 g5 16. Qe2 Ng6 17. g4 fxg3 18. fxg3 Bxh3 19. Rfe1 g4 20. Nh2 h5 21. Nd1
Kh7 22. Nf2 Bh6 23. Bxh6 Kxh6 24. Rbc1 Qg5 25. Qe3 Qxe3 26. Rxe3 Kg5 27. c4
Ra7 28. Nxh3+ gxh3 29. Nf3+ Kg4 30. Nh2+ Kg5 31. Rf1 Rxf1+ 32. Kxf1 Rf7+
33. Rf3 Rxf3+ 34. Nxf3+ Kg4 35. Nh2+ Kxg3 36. Kg1 Nf4 37. Nf1+ Kf3 38. Nd2+
Ke2 39. Nb1 Nxd3 40. Nc3+ Kf3 41. Kf1 h2 42. Ne2 h1=Q+ 43. Ng1+ Ke3 44. b4
Qxg1+ 45. Kxg1 cxb4 46. Kg2 b3 47. Kh3 b2 48. Kh4 b1=Q 49. Kg5 Qb7 50. Kxh5
Qg7 51. Kh4 Kf4 52. Kh3 Qg3# { White checkmated } 0-1

[Event "ICC tourney 2533 (25 5)"]
[Site "Internet Chess Club"]
[Date "2021.04.24"]
[Round "3"]
[White "ALBEEZ, NURAYDA:K09-15657166"]
[Black "YEE, AUSTEN:K09-16394945"]
[Result "1-0"]
[ICCResult "Black checkmated"]
[WhiteElo "1351"]
[BlackElo "804"]
[Opening "Queen's pawn: London system"]
[ECO "A45"]
[NIC "QP.07"]
[Time "15:11:51"]
[PlyCount "75"]
[TimeControl "1500+5"]

1. d4 Nf6 2. Bf4 g6 3. Nc3 Bg7 4. e4 d6 5. Qd2 O-O 6. O-O-O Re8 7. Bh6 Nc6
8. h4 Nh5 9. Be2 Nf6 10. h5 Ng4 11. Bxg4 Bxg4 12. f3 Bxh5 13. Rxh5 Nxd4 14.
Rh1 e5 15. Bxg7 Kxg7 16. Qh6+ Kf6 17. Nd5+ Ke6 18. Qh3+ f5 19. Qxh7 Rg8 20.
Nxc7+ Kf6 21. Nxa8 Qxa8 22. exf5 Qc8 23. Qh4+ Kf7 24. fxg6+ Rxg6 25. c3 d5
26. Rxd4 exd4 27. Qxd4 Rxg2 28. Qxd5+ Kf6 29. Nh3 Qb8 30. Qd4+ Ke7 31. Re1+
Kf7 32. Qd7+ Kf6 33. Re6+ Kf5 34. Qd5+ Qe5 35. Rxe5+ Kf6 36. Qd6+ Kf7 37.
Re7+ Kf8 38. Qd8# { Black checkmated } 1-0

[Event "ICC tourney 2533 (25 5)"]
[Site "Internet Chess Club"]
[Date "2021.04.24"]
[Round "3"]
[White "FAN, JEREMY:K09-16878614"]
[Black "GUO, FELIX:K09-17353890"]
[Result "1-0"]
[ICCResult "Black checkmated"]
[WhiteElo "715"]
[BlackElo "1303"]
[Opening "Petrov: Cozio (Lasker) attack"]
[ECO "C42"]
[NIC "RG.03"]
[Time "15:14:44"]
[PlyCount "151"]
[TimeControl "1500+5"]

1. e4 e5 2. Nf3 Nf6 3. Nxe5 d6 4. Nf3 Nxe4 5. Qe2 Qe7 6. d3 Nf6 7. Qxe7+
Bxe7 8. Be2 d5 9. Nc3 a6 10. Bd2 O-O 11. O-O-O a5 12. Rhe1 Bc5 13. d4 Bb6
14. Be3 Nc6 15. Ne5 a4 16. Bg5 Nxd4 17. Bxf6 gxf6 18. Nf3 Nxf3 19. Bxf3 c6
20. Re7 Bxf2 21. Rd2 Bh4 22. Rde2 Be6 23. Rxb7 Bg5+ 24. Kb1 a3 25. g3 Rfb8
26. Rxb8+ Rxb8 27. b3 Bf5 28. h4 Bh6 29. g4 Be4 30. Nxe4 dxe4 31. Rxe4 Rd8
32. Re1 Rd6 33. Rg1 Re6 34. g5 fxg5 35. hxg5 Rg6 36. Bxc6 Rxc6 37. gxh6+
Kf8 38. Rh1 Rd6 39. c3 Rd2 40. Re1 f6 41. Rg1 Kf7 42. Rg7+ Ke6 43. Rxh7 Rh2
44. Rh8 f5 45. h7 Kf7 46. Ra8 Rxh7 47. Rxa3 Rh2 48. Ra4 Ke6 49. a3 Ke5 50.
Ra5+ Ke4 51. c4 f4 52. c5 f3 53. Ra4+ Ke3 54. Rc4 Rh1+ 55. Kb2 f2 56. Rc3+
Ke2 57. Rc2+ Ke1 58. Rc1+ Ke2 59. Rxh1 Kf3 60. c6 Kg2 61. Rc1 Kf3 62. c7
Ke2 63. c8=Q f1=Q 64. Rxf1 Kxf1 65. Qh3+ Kg1 66. Kc2 Kf2 67. Qd3 Kg1 68.
Qe2 Kh1 69. Kd1 Kg1 70. Ke1 Kh1 71. Qf3+ Kh2 72. Kd2 Kg1 73. Qe2 Kh1 74.
Ke3 Kg1 75. Kf3 Kh1 76. Qg2# { Black checkmated } 1-0

[Event "ICC tourney 2533 (25 5)"]
[Site "Internet Chess Club"]
[Date "2021.04.24"]
[Round "3"]
[White "CUI, SUNNY:K09-15586563"]
[Black "A BADAMI, KAAMIL:K09-17077227"]
[Result "1-0"]
[ICCResult "Black checkmated"]
[WhiteElo "1226"]
[BlackElo "674"]
[Opening "Queen's gambit declined"]
[ECO "D30"]
[NIC "QP.08"]
[Time "15:13:29"]
[PlyCount "67"]
[TimeControl "1500+5"]

1. d4 d5 2. c4 e6 3. Nf3 Nf6 4. cxd5 exd5 5. Nc3 Bd6 6. Bg5 h6 7. Bxf6 Qxf6
8. Nxd5 Qd8 9. Nc3 O-O 10. e3 Bg4 11. Be2 Nc6 12. O-O Re8 13. h3 Bh5 14.
Qb3 b6 15. Nd2 Bg6 16. Bb5 a6 17. Bxc6 Bf5 18. Bxe8 Qxe8 19. e4 Bxh3 20.
gxh3 Qe7 21. Nf3 Qf6 22. e5 Qg6+ 23. Kh2 Be7 24. Rg1 Qf5 25. Nd5 Qd7 26.
Nxe7+ Qxe7 27. Rg3 c5 28. Rag1 g6 29. Rxg6+ Kh7 30. Rg7+ Kh8 31. Qc2 f5 32.
Rxe7 cxd4 33. Qxf5 b5 34. Qh7# { Black checkmated } 1-0

[Event "ICC tourney 2533 (25 5)"]
[Site "Internet Chess Club"]
[Date "2021.04.24"]
[Round "3"]
[White "CHEN, RYAN:K09-15881198"]
[Black "ZHAO, MILES:K09-15597206"]
[Result "0-1"]
[ICCResult "White resigns"]
[WhiteElo "1333"]
[BlackElo "1843"]
[Opening "Sicilian defense"]
[ECO "B33"]
[NIC "SI.34"]
[Time "15:15:05"]
[PlyCount "62"]
[TimeControl "1500+5"]

1. e4 c5 2. Nf3 Nc6 3. d4 cxd4 4. Nxd4 Nf6 5. Nc3 e6 6. Be2 Bb4 7. Nxc6
bxc6 8. O-O Bxc3 9. bxc3 Nxe4 10. Qd4 Nf6 11. Bf3 d5 12. Ba3 Ba6 13. Rfe1
Qd7 14. g3 Qc7 15. Rab1 Bc4 16. Rb2 Rb8 17. Reb1 Kd7 18. Qc5 Rxb2 19. Rxb2
Kc8 20. Kg2 Nd7 21. Qe3 Nb6 22. Bg4 Re8 23. f4 g6 24. f5 gxf5 25. Bxf5 d4
26. Qe1 dxc3 27. Rb1 Rd8 28. Be4 Rd2+ 29. Kg1 Qe5 30. Bb2 Qd4+ 31. Kh1 Bd5
{ White resigns } 0-1

[Event "ICC tourney 2533 (25 5)"]
[Site "Internet Chess Club"]
[Date "2021.04.24"]
[Round "3"]
[White "KROTOV, DAMIAN:K09-17105641"]
[Black "CHOPRA, NIKITA:K09-30161249"]
[Result "1-0"]
[ICCResult "Black checkmated"]
[WhiteElo "1819"]
[BlackElo "1015"]
[Opening "Queen's gambit declined"]
[ECO "D30"]
[NIC "QP.08"]
[Time "15:13:28"]
[PlyCount "63"]
[TimeControl "1500+5"]

1. d4 d5 2. c4 e6 3. Nf3 Nf6 4. g3 b6 5. Bg2 Bb7 6. Ne5 Nbd7 7. Bg5 h6 8.
Nxd7 hxg5 9. Nxf6+ Qxf6 10. Nc3 O-O-O 11. cxd5 exd5 12. Qa4 Kb8 13. Rc1 Qc6
14. Qxc6 Bxc6 15. e3 Kb7 16. Ke2 g6 17. h3 Bg7 18. b4 Kc8 19. b5 Ba8 20. a4
Rhe8 21. Kd3 Re6 22. Rc2 c6 23. Nxd5 Kb8 24. Nb4 c5 25. Na6+ Kc8 26. Bxa8
Bxd4 27. exd4 Rxd4+ 28. Kc3 Rxa4 29. Rd1 Ra5 30. Rcd2 Re8 31. Rd7 f5 32.
Rc7# { Black checkmated } 1-0

[Event "ICC tourney 2533 (25 5)"]
[Site "Internet Chess Club"]
[Date "2021.04.24"]
[Round "3"]
[White "KALE, SHUBHAM:K09-15358846"]
[Black "ARAGONES, PIERO:K09-16941823"]
[Result "1-0"]
[ICCResult "Black checkmated"]
[WhiteElo "1157"]
[BlackElo "607"]
[Opening "QGD: 4.Nf3"]
[ECO "D37"]
[NIC "QO.16"]
[Time "15:14:26"]
[PlyCount "93"]
[TimeControl "1500+5"]

1. d4 d5 2. c4 e6 3. Nc3 Nf6 4. Nf3 Nc6 5. e3 Bd6 6. c5 Be7 7. Bb5 Bd7 8.
O-O O-O 9. Qc2 Nb4 10. Qb3 Bxb5 11. Nxb5 Nc6 12. Nc3 Na5 13. Qb4 b6 14. Qb5
c6 15. Qa4 b5 16. Qc2 Ng4 17. e4 b4 18. Ne2 Nf6 19. e5 Ne4 20. Nd2 Ng5 21.
f4 Ne4 22. Nxe4 dxe4 23. Qxe4 Nc4 24. b3 Na5 25. Bd2 Nb7 26. Qxc6 Na5 27.
Qa4 Nb7 28. Bxb4 a5 29. Bc3 Qd5 30. Qc4 Qe4 31. Ng3 Qe3+ 32. Rf2 Bh4 33.
Re1 Qxg3 34. hxg3 Bxg3 35. Rf3 Bxe1 36. Bxe1 a4 37. bxa4 Na5 38. Qd3 f6 39.
Bxa5 Rxa5 40. Qc4 Re8 41. exf6 gxf6 42. Rg3+ Kh8 43. c6 Ra7 44. c7 Rc8 45.
Qxe6 Raxc7 46. Qxf6+ Rg7 47. Qxg7# { Black checkmated } 1-0

[Event "ICC tourney 2533 (25 5)"]
[Site "Internet Chess Club"]
[Date "2021.04.24"]
[Round "3"]
[White "SHEORAN, SAANVI:K09-17350815"]
[Black "MURUGAN AYYAPPAN, ADHIRAIYAN:K09-16024678"]
[Result "0-1"]
[ICCResult "White checkmated"]
[WhiteElo "730"]
[BlackElo "1309"]
[Opening "Giuoco Piano"]
[ECO "C50"]
[NIC "IG.02"]
[Time "15:14:45"]
[PlyCount "148"]
[TimeControl "1500+5"]

1. e4 e5 2. Nf3 Nc6 3. Bc4 Bc5 4. O-O Nf6 5. Nc3 d6 6. h3 a6 7. d3 h6 8.
Be3 Nd4 9. Ne2 Nxf3+ 10. gxf3 Bxh3 11. Bxc5 Bxf1 12. Be3 Bh3 13. c3 d5 14.
exd5 Nxd5 15. Qb3 c6 16. Qxb7 Rb8 17. Qxc6+ Qd7 18. Qxd7+ Bxd7 19. Bxd5
Rxb2 20. Ng3 O-O 21. f4 exf4 22. Bxf4 Rc8 23. c4 Bc6 24. Bxc6 Rxc6 25. Nf5
Rb7 26. Bd6 Kh7 27. c5 Rc8 28. Rc1 Rb2 29. a4 g6 30. Ne7 Re8 31. c6 Rb6 32.
a5 Rb5 33. c7 Rg5+ 34. Kf1 Rh5 35. Kg2 Rg5+ 36. Kf3 Rxa5 37. c8=Q Rxc8 38.
Rxc8 g5 39. d4 Kg7 40. Be5+ f6 41. Bc7 Ra3+ 42. Ke4 Ra2 43. f3 Re2+ 44. Kd5
Rxe7 45. Ba5 Re3 46. Rc7+ Kg6 47. Rc6 Rxf3 48. Rxa6 g4 49. Ke4 h5 50. Bd8
h4 51. Ra1 h3 52. Rg1 Kg5 53. Bc7 f5+ 54. Kd5 Rf2 55. Bd8+ Kh5 56. Ke5 Rg2
57. Rf1 h2 58. Rxf5+ Kg6 59. Rg5+ Kh6 60. Rg8 Kh7 61. Bf6 Kxg8 62. d5 h1=Q
63. d6 Qe1+ 64. Kf5 Rf2+ 65. Kg5 Rxf6 66. Kxf6 g3 67. d7 Qd2 68. Ke7 g2 69.
d8=Q+ Qxd8+ 70. Kxd8 g1=Q 71. Ke8 Qa7 72. Kd8 Kf7 73. Kc8 Ke6 74. Kd8 Qd7#
{ White checkmated } 0-1

[Event "ICC tourney 2533 (25 5)"]
[Site "Internet Chess Club"]
[Date "2021.04.24"]
[Round "3"]
[White "KOTARU, ADITYA:K09-15453455"]
[Black "NASTA, KIREN:K09-15255524"]
[Result "0-1"]
[ICCResult "White resigns"]
[WhiteElo "1451"]
[BlackElo "1901"]
[Opening "Nimzovich-Larsen attack: classical variation"]
[ECO "A01"]
[NIC "VO.08"]
[Time "15:14:01"]
[PlyCount "56"]
[TimeControl "1500+5"]

1. b3 d5 2. Bb2 c6 3. e3 Bf5 4. c4 e6 5. d3 Nf6 6. Nd2 Be7 7. Ngf3 h6 8.
Be2 O-O 9. Nd4 Bg6 10. N4f3 Nbd7 11. O-O a5 12. h3 a4 13. bxa4 Nc5 14. a5
Nxd3 15. Bxd3 Bxd3 16. Re1 dxc4 17. Ne5 Qxa5 18. Ndxc4 Bxc4 19. Nxc4 Qa4
20. Qb3 Qb4 21. Bxf6 Qxb3 22. axb3 Bxf6 23. Rxa8 Rxa8 24. Nd6 Be7 25. Nxb7
Ra7 26. Rc1 Rxb7 27. Rxc6 Rxb3 28. Rc7 Rb1+ { White resigns } 0-1

[Event "ICC tourney 2533 (25 5)"]
[Site "Internet Chess Club"]
[Date "2021.04.24"]
[Round "3"]
[White "GODLAVETI, PRACHETH:K09-15635626"]
[Black "ZONG, DAVIS:K09-14980186"]
[Result "0-1"]
[ICCResult "White resigns"]
[WhiteElo "1725"]
[BlackElo "2269"]
[Opening "Queen's bishop game"]
[ECO "D00"]
[NIC "QP.08"]
[Time "15:14:25"]
[PlyCount "56"]
[TimeControl "1500+5"]

1. d4 d5 2. Bf4 Nf6 3. Nf3 c5 4. e3 Nc6 5. c4 e6 6. Nc3 a6 7. cxd5 exd5 8.
a3 Bg4 9. Be2 Rc8 10. Ne5 Bxe2 11. Qxe2 cxd4 12. Nxc6 Rxc6 13. exd4+ Re6
14. Be3 Bd6 15. O-O-O O-O 16. Qd2 b5 17. Bg5 b4 18. Nxd5 Qc8+ 19. Kb1 Nxd5
20. Rc1 Qd7 21. axb4 Bxb4 22. Qc2 Rb8 23. Qc4 Reb6 24. Rc2 Bc3 25. Bc1 Qb7
26. Rxc3 Rxb2+ 27. Ka1 Rb1+ 28. Ka2 Ra1+ { White resigns } 0-1